Zazza, neutral female human Tourist ----------- |......<..| ######..........| # --------.-- ## # ### # # -------------- # |............- # |.....?......| # |...........r| ------------|-- |...........@| |.............| |....r....)r.| |.............| -------------- |.........^...| |.......!.....| .....>........| --------------- Zazza the Rambler Experience level: 1 Strength: 13 Dexterity: 10 Constitution: 14 Intelligence: 14 Wisdom: 8 Charisma: 16 Health: 0(12) Energy: 2(2) Def: 1 Gold: 967 Moves: 1480 Dungeon seed: 3y70pYV0x8HWnUIq Game ID: Zazza_1598775753 Your Inventory: Coins $ - 967 gold pieces Weapons a - 29 +2 darts o - a blessed +0 mace q - 8 +0 darts F - a +0 elven dagger (weapon in hand) Armor n - an uncursed +0 Hawaiian shirt (being worn) r - an uncursed +0 orcish helm (being worn) Comestibles b - 12 uncursed food rations c - an uncursed apple w - an uncursed tripe ration B - an uncursed egg Scrolls f - 2 uncursed scrolls of magic mapping g - a blessed scroll of magic mapping A - an uncursed scroll of blank paper Spellbooks D - a blessed spellbook of cause fear Potions e - 2 uncursed potions of extra healing m - an uncursed potion of fruit juice t - an uncursed potion of speed v - an uncursed potion of gain ability C - an uncursed potion of hallucination G - an uncursed potion of paralysis Rings l - a cursed ring of hunger (on left hand) Wands p - a wand of teleportation (0:2) Tools h - an expensive camera (0:81) i - an uncursed credit card x - an uncursed oil lamp (lit) (0:544) Gems y - an uncursed worthless piece of red glass Spells and supernatural/magical abilities: Name Level Category Fail Memory c - cause fear 3 enchantment 100% 99% W - pray for help -- divine ? -- Your skills at the end: Fighting Skills Weapon Skills dart [Basic] Spellcasting Skills Final Attributes: You were stridently aligned. You hungered rapidly. You were going to confuse monsters. You are dead. Vanquished creatures: a shrieker a floating eye a hobbit a giant rat a brown mold a yellow mold 2 geckos a jackal a kobold 3 goblins a sewer rat 2 grid bugs a bat 3 lichens a newt 21 creatures vanquished. Voluntary challenges: You never hit with a wielded weapon. You read items or engraved 15 times, starting on turn 298. You never genocided any monsters. You never polymorphed an object. You never changed form. You used no wishes. You never split a pudding. You wrote Elbereth's name 3 times, starting on turn 298. You never violated your personal moral code. Dungeon overview: The Dungeons of Doom: levels 1 to 5 Level 1 some fountains a long staircase Level 2 an altar to The Lady, some fountains Level 3 some fountains a long staircase Level 4 Level 5 <- You were here History has recorded: On T:1 you entered the Dungeons of Doom to retrieve the Amulet of Yendor! On T:248 you reached level 2 of The Dungeons of Doom. On T:693 you reached level 3 of The Dungeons of Doom. On T:1124 you reached level 4 of The Dungeons of Doom. On T:1385 you reached level 5 of The Dungeons of Doom. Score breakdown: Gold: 614 ( 9486 points) Experience: 1 level ( 0 points) Exploration: 5 levels ( 10.20%) ( 8660 points) Discoveries: 2 items ( 0.67%) ( 2457 points) Valuables value: (no points given unless you survive) Artifact value: 0 ( 0 points) Variety of kills: 15 monsters ( 3.94%) ( 5952 points) Turncount: 1480 turns ( 0 points) Survival: died (score multiplied by 80%) Total score: 21244 Latest messages: The giant rat turns to flee! (2x) The dart hits the floating eye. The dart hits the floating eye. The giant rat bites! The dart misses the floating eye. The giant rat bites! You kill the floating eye! The giant rat bites! (2x) You add to the writing in the dust with your fingers. You hear some noises in the distance. The giant rat turns to flee! a - 3 +2 darts. The giant rat bites! You die... Final status: Aloha Zazza the Tourist, killed by a giant rat... You died in The Dungeons of Doom on dungeon level 5 with 21244 points, and 967 pieces of gold, after 1480 moves. You were level 1 with a maximum of 12 hit points when you died.